 Dungeon Crawl Stone Soup version 0.30-a0-779-g7971cf19c3 (console) character file.

Game seed: 7814585748090309526

1 rlgrobin the Sneak (level 1, -1/13 HPs)
             Began as a Deep Elf Delver on Feb 17, 2023.
             Slain by a hound (3 damage)
             ... on level 5 of the Dungeon.
             The game lasted 00:01:17 (123 turns).

rlgrobin the Sneak (Deep Elf Delver)                 Turns: 123, Time: 00:01:18

Health: -1/13      AC:  3    Str:  9    XL:     1   Next: 16%
Magic:  3/3        EV: 12    Int: 14    God:
Gold:   0          SH:  0    Dex: 16    Spells: 0/0 levels left

rFire   . . .      SeeInvis .    a - +0 short sword
rCold   . . .      Faith    .    (no shield)
rNeg    . . .      Spirit   .    b - +0 leather armour
rPois   .          Reflect  .    (no helmet)
rElec   .          Harm     .    (no cloak)
rCorr   .          Rampage  .    (no gloves)
Will    .....                    (no boots)
Stlth   +++                      (no amulet)
HPRegen 0.22/turn                (no ring)
MPRegen 0.08/turn                (no ring)

@: hasted, very quick
A: no striking features
a: no special abilities


You were on level 5 of the Dungeon.
You visited 1 branch of the dungeon, and saw 2 of its levels.

Inventory:

Hand Weapons
 a - a +0 short sword (weapon)
Armour
 b - a +0 leather armour (worn)
Wands
 g - a wand of digging (3)
Scrolls
 c - a scroll of fog
 d - a scroll of magic mapping
 h - a scroll of noise {unknown}


   Skills:
 - Level 2.4 Fighting
 - Level 2.0 Short Blades
 - Level 2.4 Dodging
 + Level 6.1 Stealth


You couldn't memorise any spells.
You didn't know any spells.
Your spell library was empty.

Dungeon Overview and Level Annotations

Branches:
Dungeon (5/15)
 Temple: D:4-7

Altars:

Annotations:
D:4 Pikel


Message History

There is an open door here.
You open the door.
There is an open door here.
Found a stone staircase leading up.
Found a scale mail.
There is a stone staircase leading up here.
Found a stone staircase leading up.
There is a stone staircase leading up here.
You climb upwards.
Found three items.
Found an escape hatch in the floor.
There is a stone staircase leading down here.
A lemure comes into view.
Pikel, Merchant of Souls comes into view.
He is wielding a +1 whip of flaming.
Pikel shouts!
You hear a shout! x3
A lemure comes into view. x2
Pikel says, "Time is money, and you're costing me too much!"
There is a stone staircase leading down here.
You climb downwards.
There is a stone staircase leading up here.
There is a stone staircase leading up here.
You climb upwards.
Level annotation: Pikel
Found a flail.
There is a stone staircase leading down here.
The helpless giant cockroach fails to defend itself.
You impale the giant cockroach!!
You kill the giant cockroach!
The hound barks!
An orc comes into view. It is wielding a +0 morningstar.
The hound bites you.
You climb downwards.
There is a stone staircase leading up here.
You hit the hound but do no damage. The hound bites you.
The hound closely misses you.
You miss the hound. The hound bites you.
You closely miss the hound. The hound bites you.
You feel yourself speed up. The hound bites you.
* * * LOW HITPOINT WARNING * * *
The hound bites you.
You die...

######### #.......#
### #.......# #..
#.......# #..
#....h..+ #..
#.^..@..###### #..
#............########.
########............#.
#............#.
..#......<.....#.
................#.
...#.#.#.........#.
+#...............##
...#.#.#.####+##...


You could see a hound.

Vanquished Creatures
  A giant cockroach (D:4)
1 creature vanquished.

Notes
Turn   | Place    | Note
-------+----------+-------------------------------------------
     0 | D:5      | rlgrobin the Deep Elf Delver began the quest for the Orb.
     0 | D:5      | Reached XP level 1. HP: 13/13 MP: 3/3
    54 | D:5      | Noticed a hound
    99 | D:4      | Noticed a lemure
   100 | D:4      | Noticed Pikel
   100 | D:4      | Noticed a lemure
   100 | D:4      | Noticed a lemure
   104 | D:4      | Noticed a lemure
   116 | D:4      | Noticed a hound
   123 | D:5      | Slain by a hound

Illustrated notes

Levels and vault maps discovered:
D:4:      layout_cave_pools, nicolae_overflow_squiral, kennysheep_diamond,
          kennysheep_generic_room_12, uniq_pikel
D:5:      layout_gridville, serial_glass, glass_columns_c, glass_columns_c,
          glass_columns_a, glass_columns_b, glass_columns_b, glass_columns_b,
          glass_columns_a, glass_columns_a

Action                     || total
---------------------------++-------
  Melee: Short sword       ||     4
    Use: Scroll            ||     1
         Potion            ||     1
   Stab: Sleeping          ||     1
  Dodge: Dodged            ||     1

Table legend: (Time is in decaauts)
 A = Elapsed time spent in this place.
 B = Non-inter-level travel time spent in this place.
 C = Inter-level travel time spent in this place.
 D = Time resting spent in this place.
 E = Time spent auto-exploring this place.
 F = Levels seen in this place.
 G = Mean time per level.
                   A        B        C        D        E       F      G
               +--------+--------+--------+--------+--------+-----+--------+
         Total |    123 |    123 |      0 |      0 |      0 |   2 |   61.5 |
       Dungeon |    123 |    123 |      0 |      0 |      0 |   2 |   61.5 |
               +--------+--------+--------+--------+--------+-----+--------+

Top non-repeatable levels by time:
     D:5: 112 daAuts
     D:4: 10 daAuts
